 Dungeon Crawl Stone Soup version 0.32-a0-42-ga30500b4d3 (webtiles) character file.

Game seed: 9558283560728792372

66 pokeman the Magician (level 3, -1/20 HPs)
             Began as a Deep Elf Hedge Wizard on Jan 27, 2024.
             Slain by Terence
             ... wielding a +2 trident of freezing
              (3 damage)
             ... on level 2 of the Dungeon.
             The game lasted 00:03:30 (1785 turns).

pokeman the Magician (Deep Elf Hedge Wizard)        Turns: 1785, Time: 00:03:31

Health: -1/20      AC:  2    Str:  7    XL:     3   Next: 96%
Magic:  8/12       EV: 12    Int: 20    God:
Gold:   49         SH:  0    Dex: 14    Spells: 5/13 levels left

rFire   . . .        a - +0 dagger
rCold   . . .        (no shield)
rNeg    . . .        b - +0 robe
rPois   .            c - +0 hat
rElec   .            (no cloak)
rCorr   .            (no gloves)
SInv    .            (no boots)
Will    .....        (no amulet)
Stlth   ++           (no ring)
HPRegen 0.23/turn    (no ring)
MPRegen 0.13/turn

%: no passive effects
@: no status effects
A: no striking features
a: no special abilities


You were on level 2 of the Dungeon.
You visited 1 branch of the dungeon, and saw 2 of its levels.

You collected 49 gold pieces.

Inventory:

Hand Weapons
 a - a +0 dagger (weapon)
Armour
 b - a +0 robe (worn)
 c - a +0 hat (worn)
Scrolls
 f - 4 scrolls of identify {unknown}
 h - a scroll of enchant weapon {unknown}
 i - a scroll of revelation {unknown}
Potions
 d - a potion of magic
 e - 2 potions of mutation {unknown}
 g - a potion of heal wounds {unknown}


   Skills:
 + Level 1.0 Fighting
 - Level 1.0 Armour
 + Level 2.5 Dodging
 - Level 2.4 Stealth
 * Level 5.5 Spellcasting
 + Level 2.0 Conjurations
 - Level 1.1 Summonings
 - Level 1.1 Translocations


You had 5 spell levels left.
You knew the following spells:

 Your Spells              Type           Power      Damage    Failure   Level
a - Magic Dart            Conj           52%        1d5       4%          1
b - Mephitic Cloud        Conj/Alch/Air  8%         N/A       26%         3
c - Call Imp              Summ           18%        N/A       11%         2
d - Blink                 Tloc           18%        N/A       11%         2

Your spell library contained the following spells:

 Spells                   Type           Power      Damage    Failure   Level
 Slow                     Hex            20%        N/A       11%         1
 Cigotuvi's Dreadful Rot  Necr/Alch/Air  10%        N/A       17%         2


Dungeon Overview and Level Annotations

Branches:
Dungeon (2/15)

Altars:

Annotations:
D:2 Terence


Message History

Unknown command.
Casting: Mephitic Cloud (extremely dangerous; 26% risk of failure)
Confirm with . or Enter, or press ? or * to list all spells.
Okay, then.
Unknown command.
Casting: Mephitic Cloud (extremely dangerous; 26% risk of failure)
Confirm with . or Enter, or press ? or * to list all spells.
A tiny devil pulls itself out of the air.
Terence is engulfed in noxious fumes.
Terence appears confused.
Unknown command.
Your cerulean imp hits Terence but does no damage.
You hit Terence but do no damage.
Terence is lightly wounded.
Terence is engulfed in noxious fumes.
Terence appears confused.
Your cerulean imp completely misses Terence.
Unknown command.
You catch the helpless Terence completely off-guard!
You puncture Terence! You punch Terence, but do no damage.
Terence is heavily wounded.
Terence is engulfed in noxious fumes.
Terence appears confused.
Terence is engulfed in noxious fumes.
Terence appears confused.
Your cerulean imp hits Terence but does no damage.
You barely miss Terence.
Terence is heavily wounded.
Terence is engulfed in noxious fumes.
Terence appears confused.
Terence hits you with a +2 trident of freezing.
Terence freezes you.
You hit Terence.
Terence is severely wounded.
Your cerulean imp hits Terence but does no damage.
Terence gestures wildly.
Terence hits you with a +2 trident of freezing.
Terence freezes you.
Your cerulean imp hits Terence but does no damage.
You hit Terence.
Terence is severely wounded.
Terence hits you with a +2 trident of freezing.
* * * LOW HITPOINT WARNING * * *
Terence freezes you.
You die...

###.#.#.##.#.....#...####
......# #.....#...# ..#..
##....# #.....#...###
#..#. ##..#.###
+.....#...##.. ....
†÷..#†..# #.[...+...+...
...# ###.#...#
####.##...##.# ...#
#.#...## #.# #.# ...#
#......#.####5####
#.##...#
#....#.#......@@.#
#......#
#......#..####...#
#.@##.## #......#.. #...#
#..# # #...<.....
#...####..# ####...##.
#...'.##.## ....)..
#...#.##.###.### ....###
#...#........... #.
#...##>.#.##.###
#...##.##.#


You could see Terence (confused, ally target) and a friendly cerulean imp
(summoned).

Vanquished Creatures
  An adder (D:2)
  3 ribbon worms (D:2)
  4 ball pythons (D:1)
  7 endoplasms
  4 giant cockroaches (D:1)
  3 goblins
  5 hobgoblins
  5 kobolds
  2 quokkas
  3 bats (D:1)
  5 frilled lizards (D:1)
  5 rats
47 creatures vanquished.

Notes
Turn   | Place    | Note
-------+----------+-------------------------------------------
     0 | D:1      | pokeman the Deep Elf Hedge Wizard began the quest for the
                  | Orb.
     0 | D:1      | Reached XP level 1. HP: 10/10 MP: 7/7
   143 | D:1      | Reached XP level 2. HP: 16/16 MP: 1/9
   555 | D:1      | Reached skill level 5 in Spellcasting
   797 | D:1      | Reached XP level 3. HP: 20/20 MP: 8/11
   801 | D:1      | Learned a level 3 spell: Mephitic Cloud
   804 | D:1      | Learned a level 2 spell: Call Imp
   807 | D:1      | Learned a level 2 spell: Blink
  1397 | D:2      | Reached skill level 1 in Armour
  1518 | D:2      | Reached skill level 1 in Fighting
  1751 | D:2      | Noticed Terence
  1785 | D:2      | Slain by Terence

Illustrated notes

Levels and vault maps discovered:
D:1:      lemuel_arrival_rhombus, layout_rooms, kennysheep_nondescript,
          hex_medium, minmay_3d_cube
D:2:      layout_basic, chequers_serial_rivers_micro_b, minmay_statues_item,
          nicolae_wormholes, uniq_terence

Skill      XL: |  1  2  3 |
---------------+----------+-----
Spellcasting   | 5 |  5.5
Armour         | 1 |  1.0
Conjurations   | 2 |  2.0
Fighting       | 1 |  1.0
Dodging        | |  2.5
Stealth        | |  2.4
Summonings     | |  1.1
Translocations | |  1.1

Action                     || total
---------------------------++-------
  Melee: Dagger            ||    41
         Punch             ||     2
   Cast: Magic Dart        ||   117
         Mephitic Cloud    ||     6
         Call Imp          ||     1
   Stab: Confused          ||     3
 Armour: Robe              ||    16
  Dodge: Dodged            ||    30

Table legend: (Time is in decaauts)
 A = Elapsed time spent in this place.
 B = Non-inter-level travel time spent in this place.
 C = Inter-level travel time spent in this place.
 D = Time resting spent in this place.
 E = Time spent auto-exploring this place.
 F = Levels seen in this place.
 G = Mean time per level.
                   A        B        C        D        E       F      G
               +--------+--------+--------+--------+--------+-----+--------+
         Total |   1785 |   1767 |     18 |     76 |   1395 |   2 |  892.5 |
       Dungeon |   1785 |   1767 |     18 |     76 |   1395 |   2 |  892.5 |
               +--------+--------+--------+--------+--------+-----+--------+

Top non-repeatable levels by time:
     D:1: 1244 daAuts
     D:2: 541 daAuts
